 Dungeon Crawl Stone Soup version 0.28-b1-25-g9875b3fc8c (webtiles) character file.

Game seed: 11707573031432746812

183 vvl the Stinger (level 5, 0/37 HPs)
             Began as a Demonspawn Venom Mage on Feb 3, 2022.
             Slain by a phantom (7 damage)
             ... on level 4 of the Dungeon.
             The game lasted 00:10:04 (4940 turns).

vvl the Stinger (Demonspawn Venom Mage)             Turns: 4940, Time: 00:10:05

Health: 0/37       AC:  4    Str:  8    XL:     5   Next: 35%
Magic:  8/8        EV: 12    Int: 19    God:
Gold:   119        SH:  0    Dex: 13    Spells: 4/9 levels left

rFire   . . .      SeeInvis .   h - +0 flail
rCold   + . .      Faith    .   (no shield)
rNeg    . . .      Spirit   .   a - +0 robe
rPois   .          Reflect  .   (no helmet)
rElec   .          Harm     .   (no cloak)
rCorr   .          Rampage  .   (no gloves)
Will    .....                   (no boots)
Stlth   ++........              (no amulet)
HPRegen 0.12/turn               b - ring of protection from cold
MPRegen 0.11/turn               (no ring)

@: no status effects
A: hooves 2, slimy green scales 1
a: no special abilities


You were on level 4 of the Dungeon.
You visited 1 branch of the dungeon, and saw 4 of its levels.

You collected 119 gold pieces.

Inventory:

Hand Weapons
 h - a +0 flail (weapon)
 n - a +3 dagger
Armour
 a - a +0 robe (worn)
Magical Staves
 l - a staff of cold
Jewellery
 b - a ring of protection from cold (left hand)
Wands
 m - a wand of polymorph (4)
Scrolls
 d - 3 scrolls of identify {unknown}
 e - 2 scrolls of noise {unknown}
 g - a scroll of blinking {unknown}
 j - 4 scrolls of teleportation {unknown}
Potions
 f - a potion of attraction {unknown}
 i - a potion of ambrosia {unknown}
 k - 2 potions of heal wounds {unknown}
 o - a potion of flight {unknown}


   Skills:
 + Level 1.4 Fighting
 + Level 1.3 Armour
 + Level 2.4 Dodging
 - Level 2.0 Stealth
 + Level 1.4 Unarmed Combat
 + Level 2.5 Spellcasting
 + Level 1.7 Transmutations
 * Level 3.9 Poison Magic


You had 4 spell levels left.
You knew the following spells:

 Your Spells              Type           Power      Damage    Failure   Level
a - Sting                 Tmut/Pois      52%        1d5       4%          1
b - Olgreb's Toxic Radia  Pois           17%        N/A       30%         4

Your spell library contained the following spells:

 Spells                   Type           Power      Damage    Failure   Level
 Poisonous Vapours        Pois/Air       18%        N/A       11%         2
 Static Discharge         Conj/Air       2%         N/A       24%         2
 Mephitic Cloud           Conj/Pois/Air  7%         N/A       28%         3
 Dispel Undead            Necr           2%         3d7       85%         4
 Sticky Flame             Conj/Fire      2%         2d3       85%         4


Dungeon Overview and Level Annotations

Branches:
Dungeon (4/15)
 Temple: D:4-7

Altars:


Innate Abilities, Weirdness & Mutations

You have hoof-like feet.
You are partially covered in slimy green scales. (AC +2)


Message History

The phantom is heavily damaged.
The phantom hits you.
The phantom blinks!
You blink.
Found 23 gold pieces, a glowing falchion, a dagger and a short sword.
The phantom hits you.
You hit the phantom. Your kick misses the phantom.
The phantom is severely damaged.
The phantom barely misses you.
You barely miss the phantom. Your kick misses the phantom.
The phantom is severely damaged.
The phantom misses you.
You hit the phantom.
The phantom is severely damaged.
The quasit gives a chilling moan. x2
The phantom hits you.
The phantom blinks!
You blink.
A kobold comes into view. It is wielding a +0 dagger.
Found 14 arrows.
The phantom barely misses you.
You miss the phantom.
The phantom is severely damaged.
The phantom barely misses you.
You miss the phantom. You kick the phantom.
The phantom is severely damaged.
The phantom hits you. The phantom hits you!
* * * LOW HITPOINT WARNING * * *
You hit the phantom.
The phantom is almost destroyed.
The phantom closely misses you.
You closely miss the phantom. Your punch misses the phantom.
The phantom is almost destroyed.
The kobold shouts!
The kobold throws a stone.
The stone hits you.
* * * LOW HITPOINT WARNING * * *
The phantom hits you but does no damage.
You barely miss the phantom.
The phantom is almost destroyed.
The phantom barely misses you. The phantom misses you.
You completely miss the phantom.
The phantom is almost destroyed.
The kobold throws a stone.
The stone hits you but does no damage. The phantom hits you!
You die...

#. 55 #..########
.##$##.[..<..ยง..
##..###...########
...........#
#..##...#..# #
#..###..#...#
##..###..###..#.....
........W.....#...###
##@.##...#....
.........##!..######
......#..##...#
......#..#)...) .....
#..##.... ..K..
(......#). .... #...
...# #...#


You could see a phantom and a kobold.

Vanquished Creatures
  A hound (D:3)
  An orc wizard (D:3)
  4 gnolls
  2 adders (D:2)
  A dart slug (D:3)
  7 orcs (D:3)
  7 bats
  5 endoplasms
  A giant cockroach (D:3)
  4 goblins
  7 hobgoblins
  3 jackals (D:1)
  2 quokkas
  5 ball pythons
  2 frilled lizards
  5 kobolds
  7 rats
64 creatures vanquished.

Notes
Turn   | Place    | Note
-------+----------+-------------------------------------------
     0 | D:1      | vvl the Demonspawn Venom Mage began the quest for the Orb.
     0 | D:1      | Reached XP level 1. HP: 13/13 MP: 3/3
   137 | D:1      | Reached skill level 1 in Transmutations
   414 | D:1      | Gained mutation: You have large cloven feet. [demonic
                  | ancestry]
   414 | D:1      | Reached XP level 2. HP: 19/19 MP: 0/5
  1670 | D:2      | Found a faded altar of an unknown god.
  1685 | D:2      | Found a faded altar of an unknown god.
  1878 | D:2      | Gained mutation: You have hoof-like feet. [demonic
                  | ancestry]
  1878 | D:2      | Reached XP level 3. HP: 25/25 MP: 4/6
  2868 | D:2      | Reached skill level 1 in Fighting
  2868 | D:2      | Reached skill level 1 in Unarmed Combat
  2868 | D:2      | Gained mutation: You are partially covered in slimy green
                  | scales. (AC +2) [demonic ancestry]
  2868 | D:2      | Reached XP level 4. HP: 22/32 MP: 1/7
  2971 | D:1      | Reached skill level 1 in Armour
  4100 | D:2      | Learned a level 4 spell: Olgreb's Toxic Radiance
  4319 | D:3      | Reached XP level 5. HP: 25/37 MP: 8/8
  4918 | D:4      | Noticed a phantom
  4940 | D:4      | Slain by a phantom

Illustrated notes

Levels and vault maps discovered:
D:1:      dpeg_arrival_rhombus, layout_basic, roderic_lattice_a
D:2:      layout_basic, hellmonk_ecumenical_altar_the_god_not_taken
D:3:      layout_rooms
D:4:      cheibrodos_quashed, layout_loops_ring, lemuel_tele_altar,
          mainiacjoe_overflow_alcove_4,
          chequers_temple_overflow_statue_of_worship

Skill      XL: |  1  2  3  4 |
---------------+-------------+-----
Transmutations | 1 |  1.7
Dodging        | 2 |  2.4
Stealth        | 2 |  2.0
Fighting       | 1 |  1.4
Unarmed Combat | 1 |  1.4
Armour         | 1 |  1.3
Spellcasting   | |  2.5
Poison Magic   | |  3.9

Action                   |  1- 3 |  4- 6 || total
-------------------------+-------+-------++-------
Melee: Unarmed           |    41 |     2 ||    43
       Kick              |     9 |     7 ||    16
       Flail             |       |    24 ||    24
       Halberd           |       |     3 ||     3
       Dagger            |       |     3 ||     3
 Cast: Sting             |    73 |    41 ||   114
       Olgreb's Toxic Ra |       |     2 ||     2
  Use: Potion            |       |     1 ||     1
Armor: Robe              |    11 |     9 ||    20
Dodge: Dodged            |    62 |    36 ||    98
